cohdb
Replays
Latest Replays
All Replays
Popular Replays
Top Player Replays
Match Explorer
How It Works
Community
CoH3 Stats
Reddit
Sign in to upload your games and track your stats! →
Sign in with Steam
Match 35448690
Unlisted
Match 35448690
Overview
Messages
Build Orders
End
Construct Section Command Post
Infantry Section
Infantry Section
ML 3-inch Mortar Team
Selects Indian Artillery Battlegroup
Infantry Section
Construct Platoon Command Post
Selects Valour
Infantry Training
DibbeTC
Mad Mac
Ugish
MaltEE
0
0
Comments
sign in to comment!
No comments posted yet!